 Dungeon Crawl Stone Soup version 0.23-a0-61-g4bf3f6c (webtiles) character file.

4748 tilp the Frost Mage (level 10, -3/71 HPs)
             Began as a Merfolk Ice Elementalist on Aug 8, 2018.
             Slain by a two-headed ogre
             ... wielding a +0 giant club
              (11 damage)
             ... on level 9 of the Dungeon on Aug 9, 2018.
             The game lasted 00:38:45 (11071 turns).

tilp the Frost Mage (Merfolk Ice Elementalist)     Turns: 11071, Time: 00:38:45

Health: -3/71      AC: 10    Str: 15    XL:     10   Next: 46%
Magic:  9/19       EV: 16    Int: 18    God:
Gold:   400        SH:  0    Dex: 14    Spells: 15/21 levels left

rFire    . . .     SeeInvis .   z - +2 short sword (vamp)
rCold    . . .     Gourm    .   (no shield)
rNeg     . . .     Faith    .   a - +0 robe
rPois    +         Spirit   .   (no helmet)
rElec    .         Reflect  .   i - +0 cloak
rCorr    .         Harm     .   (no gloves)
MR       .....                  (no boots)
Stlth    ++........             L - amulet of regeneration
HPRegen  0.61/turn              t - ring of poison resistance
MPRegen  0.16/turn              u - +6 ring of strength

@: icy armour
A: change form in water, swift swim, stealthy swim
a: no special abilities


You were on level 9 of the Dungeon.
You were not hungry.

You visited 2 branches of the dungeon, and saw 10 of its levels.

You collected 400 gold pieces.

Inventory:

Hand Weapons
 d - a +0 dagger
 e - a +0 blowgun
 z - a +2 vampiric short sword (weapon)
 H - the +10 great sword "Dragon's Nightmare" {drain, rElec rC+}
   (You found it on level 6 of the Dungeon)

   A truly terrible weapon, it drains the life of those it strikes.
   It protects you from cold.
   It insulates you from electricity.
 Q - a cursed +1 halberd
Missiles
 f - 4 javelins
 g - 12 tomahawks (quivered)
 p - 31 poisoned needles
 x - 6 curare-tipped needles
Armour
 a - a +0 robe (worn)
 i - a +0 cloak (worn)
 o - a +1 chain mail of fire resistance
 K - a cursed +0 leather armour
 N - a +0 troll leather armour
Jewellery
 t - a ring of poison resistance (left hand)
 u - a +6 ring of strength (right hand)
 L - an amulet of regeneration (around neck)
 T - an uncursed ring of flight {unknown}
Wands
 h - a wand of iceblast (11)
 F - a wand of enslavement (17)
 G - a wand of random effects (4)
Scrolls
 k - a scroll of immolation
 n - 3 scrolls of teleportation
 v - 4 scrolls of amnesia
 w - a scroll of summoning {unknown}
 y - a scroll of magic mapping
 I - a scroll of noise {unknown}
 J - a scroll of fear
 O - 3 scrolls of remove curse
 R - a scroll of enchant weapon
 S - a scroll of vulnerability {unknown}
Potions
 b - a potion of might
 j - a potion of haste
 l - 4 potions of curing
 m - a potion of resistance
 q - 4 potions of degeneration
 r - a potion of brilliance
 s - a potion of berserk rage
 A - 3 potions of ambrosia
 B - a potion of mutation {unknown}
 C - 3 potions of heal wounds
 D - a potion of invisibility {unknown}
 E - a potion of agility {unknown}
 P - a potion of lignification {unknown}
Comestibles
 c - 5 rations


   Skills:
 - Level 4.1 Fighting
 * Level 5.4 Long Blades
 - Level 6.6 Dodging
 - Level 2.1 Stealth
 - Level 6.0 Spellcasting
 + Level 3.6 Conjurations
 + Level 5.7 Charms
 - Level 10.0 Ice Magic


You had 15 spell levels left.
You knew the following spells:

 Your Spells              Type           Power        Failure   Level  Hunger
a - Freeze                Ice            ####         1%          1    None
b - Throw Frost           Conj/Ice       ####..       1%          2    None
c - Ozocubu's Armour      Chrm/Ice       ####....     1%          3    ##.....

Your spell library contained the following spells:

 Spells                   Type           Power        Failure   Level  Hunger
 Summon Ice Beast         Ice/Summ       ###.....     16%         4    ####...
 Throw Icicle             Conj/Ice       ####....     7%          4    ####...
 Call Canine Familiar     Summ           #.......     34%         3    ##.....
 Summon Butterflies       Summ           #.......     12%         1    None
 Summon Hydra             Summ           #.........   100%        7    #######
 Summon Mana Viper        Hex/Summ       #.......     97%         5    #####..


Dungeon Overview and Level Annotations

Branches:
Dungeon (9/15)             Temple (1/1) D:6            Lair (0/6) D:8
    Orc: D:9-12

Altars:
Ashenzari
Cheibriados
Dithmenos
Elyvilon
Fedhas
Gozag
Hepliaklqana
Kikubaaqudgha
Nemelex Xobeh
Okawaru
Qazlal
Ru
Sif Muna
Trog
Uskayaw
Vehumet
Wu Jian
Yredelemnul
Zin
The Shining One

Shops:
D:5 %

Annotations:
D:2 1 runed door
D:5 Grinder
D:6 Blork the orc
D:8 Psyche


Message History

The two-headed ogre hits you with a giant club!!
The two-headed ogre closely misses you.
Casting: Freeze (safe; 1% risk of failure)
Confirm with . or Enter, or press ? or * to list all spells.
Aiming: Freeze (safe; 1% risk of failure)
Press: ? - help, Shift-Dir - straight line, f/p - two-headed ogre
Aim: a two-headed ogre, wielding a giant club and a giant spiked club (heavily wounded)
You freeze the two-headed ogre.
The two-headed ogre is heavily wounded.
Casting: Freeze (safe; 1% risk of failure)
Confirm with . or Enter, or press ? or * to list all spells.
Aiming: Freeze (safe; 1% risk of failure)
Press: ? - help, Shift-Dir - straight line, f/p - two-headed ogre
Aim: a two-headed ogre, wielding a giant club and a giant spiked club (heavily wounded)
You freeze the two-headed ogre.
The two-headed ogre is severely wounded.
The two-headed ogre hits you with a giant club!!
* * * LOW HITPOINT WARNING * * *
The two-headed ogre hits you with a giant spiked club!
You die...

### ###.########
#..........#
###.######<#
#.#############
#.............#***
**
########..#####≈,**
*, #.##*****≈,*
***,
#@#**,,,*,,****,,,
#O#,+,*,+≈,,,,,,,,
#.#**,,,*,,****,,,
#.# *****≈,* *,,,
#.######≈.** *,,,
#........#* *,,,
#....?...# *,,,
#........# *,,,
##.###.###*****,,,


You could see a two-headed ogre.

Vanquished Creatures
  Prince Ribbit (D:8)
  A troll (D:7)
  Eustachio (D:4)
  The ghost of Soeti the Shield-Bearer, an amateur OpFi of Dithmenos (D:4)
  Edmund (D:5)
  2 porcupines (D:8)
  4 orc warriors (D:8)
  A black bear (D:8)
  2 ice beasts (D:7)
  8 ogres
  4 centaurs
  5 bullfrogs
  A water moccasin zombie (D:8)
  3 scorpions
  4 wights (D:7)
  A howler monkey (D:6)
  5 crimson imps
  7 hounds
  A centaur zombie (D:8)
  5 orc priests
  2 jellies (D:8)
  2 centaur skeletons (D:8)
  An orc wizard (D:8)
  A bullfrog skeleton (D:8)
  Jessica (D:3)
  An iguana (D:5)
  Natasha (thrice) (D:4)
  11 worker ants
  4 gnolls (D:5)
  12 adders
  A shadow imp (D:8)
  2 oozes (D:1)
  An adder zombie (D:5)
  A worm (D:3)
  A dart slug (D:2)
  4 leopard geckos
  26 orcs
  7 bats
  6 giant cockroaches
  6 goblins
  7 hobgoblins
  8 jackals
  5 kobolds
  4 quokkas
  5 ball pythons
  5 frilled lizards
  2 giant cockroach zombies
  A jackal skeleton (D:5)
  2 quokka skeletons (D:7)
  4 rats
194 creatures vanquished.

Vanquished Creatures (others)
  A quokka (D:5)
  A rat (D:1)
  10 fungi
  4 plants
16 creatures vanquished.

Grand Total: 210 creatures vanquished

Notes
Turn   | Place    | Note
-------+----------+-------------------------------------------
     0 | D:1      | tilp the Merfolk Ice Elementalist began the quest for the Orb.
     0 | D:1      | Reached XP level 1. HP: 13/13 MP: 3/3
   117 | D:1      | Reached XP level 2. HP: 15/19 MP: 0/5
   139 | D:1      | Reached skill level 4 in Ice Magic
   538 | D:1      | Reached XP level 3. HP: 13/24 MP: 4/6
   988 | D:1      | Learned a level 2 spell: Throw Frost
   992 | D:1      | Learned a level 3 spell: Ozocubu's Armour
  1125 | D:2      | Reached skill level 5 in Ice Magic
  1365 | D:2      | Found a runed door.
  1415 | D:2      | Reached XP level 4. HP: 30/30 MP: 0/7
  2083 | D:3      | Reached skill level 6 in Ice Magic
  2083 | D:3      | Reached XP level 5. HP: 34/35 MP: 5/8
  2247 | D:3      | Noticed Jessica
  2251 | D:3      | Killed Jessica
  2251 | D:3      | Reached skill level 1 in Fighting
  2770 | D:4      | Reached XP level 6. HP: 4/44 MP: 0/9
  3019 | D:4      | Found a transporter.
  3060 | D:4      | Noticed Soeti's ghost (amateur OpFi)
  3065 | D:4      | Found a transporter.
  3239 | D:4      | Found a glowing golden altar of the Shining One.
  3459 | D:4      | Reached skill level 5 in Dodging
  3582 | D:4      | Noticed Natasha
  3607 | D:4      | Killed Natasha
  3607 | D:4      | Reached XP level 7. HP: 20/53 MP: 4/10
  4501 | D:4      | Noticed Natasha
  4508 | D:4      | Killed Natasha
  4570 | D:4      | Noticed Natasha
  4574 | D:4      | Killed Natasha
  4624 | D:4      | Killed Soeti's ghost
  4624 | D:4      | Reached skill level 1 in Conjurations
  4624 | D:4      | Reached skill level 1 in Charms
  4716 | D:5      | Entered Level 5 of the Dungeon
  4785 | D:5      | Reached XP level 8. HP: 26/60 MP: 6/11
  5015 | D:5      | Noticed Grinder
  5062 | D:5      | Noticed Eustachio
  5079 | D:5      | Noticed Edmund
  5390 | D:4      | Reached skill level 7 in Ice Magic
  5751 | D:4      | Killed Eustachio
  6098 | D:5      | Killed Edmund
  6412 | D:5      | Found a white marble altar of Elyvilon.
  6499 | D:5      | Found an ornate altar of the Wu Jian Council.
  6808 | D:5      | Found Muyshred's Food Boutique.
  6913 | D:6      | Found a staircase to the Ecumenical Temple.
  6922 | D:6      | Reached skill level 8 in Ice Magic
  6949 | Temple   | Entered the Ecumenical Temple
  7222 | D:6      | Got a warped great sword
  7286 | D:6      | Found a hazy altar of Hepliaklqana.
  7320 | D:6      | Noticed Blork the orc
  7420 | D:6      | Upgraded the game from 0.23-a0-54-gae6112e to 0.23-a0-61-g4bf3f6c
  8235 | D:7      | Reached XP level 9. HP: 65/65 MP: 5/14
  8387 | D:7      | Reached skill level 9 in Ice Magic
  8620 | D:7      | Found a sparkling altar of Nemelex Xobeh.
  8693 | D:7      | HP: 2/65 [ice beast (14)]
  8765 | D:7      | Noticed a troll
  8819 | D:7      | Killed a troll
  8819 | D:7      | Reached skill level 10 in Ice Magic
  8828 | D:7      | HP: 3/65 [centaur (10)]
  8830 | D:7      | Reached skill level 5 in Spellcasting
  9313 | D:7      | Identified the +10 great sword "Dragon's Nightmare" {drain, rElec rC+} (You found it on level 6 of the Dungeon)
  9406 | D:7      | Found a blossoming altar of Fedhas.
  9685 | D:8      | Reached skill level 1 in Long Blades
  9814 | D:8      | Reached XP level 10. HP: 44/71 MP: 15/19
  9835 | D:8      | Noticed Psyche
  9989 | D:8      | Reached skill level 5 in Charms
 10453 | D:8      | Found a staircase to the Lair.
 10524 | D:8      | Noticed Prince Ribbit
 10621 | D:8      | Reached skill level 5 in Long Blades
 10644 | D:8      | Killed Prince Ribbit
 11039 | D:9      | Noticed a two-headed ogre
 11058 | D:9      | Noticed a two-headed ogre
 11071 | D:9      | Slain by a two-headed ogre

Vault maps used:
D:1:      minmay_arrival_plants_in_alcoves, st_stairs_6, lemuel_old_faithful
D:2:      uniq_crazy_yiuf_cottage
D:3:      cheibrodos_old_hovel, uniq_jessica
D:4:      overflow_temple_1_default, gammafunk_ghost_arena, minivault_27,
          uniq_natasha
D:5:      lemuel_doored_altar, first_ration, serial_shops, shop_fountains,
          elyvilon_altar_4, uniq_grinder, uniq_eustachio, uniq_edmund
D:6:      kennysheep_mini, minmay_temple_entry_statues_pillars,
          uniq_blork_the_orc
D:7:      cheibrodos_fzero, fedhas_altar_decomposition,
          nemelex_lonely_heart_becter
D:8:      grunt_lair_entry_orc_guard_hut, uniq_prince_ribbit1, uniq_psyche
D:9:      grunt_temple_overflow_champion_of_chaos, enter_bailey_8,
          hangedman_little_slice_of_home, kennysheep_path_1, serial_park_tiny_1,
          uniq_grum, uniq_gastronok, uniq_pikel
Temple:   eino_temple_rhombus

Skill      XL: |  1  2  3  4  5  6  7  8  9 10 |
---------------+-------------------------------+-----
Ice Magic      | 4 5 6 8 10 | 10.0
Fighting       | 2 3 4 |  4.1
Dodging        | 4 5 6 |  6.6
Conjurations   | 1 2 3 |  3.6
Charms         | 1 3 4 5 |  5.7
Spellcasting   | 3 6 |  6.0
Long Blades    | 2 5 |  5.4
Stealth        | |  2.1

Action                   |  1- 3 |  4- 6 |  7- 9 | 10-12 || total
-------------------------+-------+-------+-------+-------++-------
Melee: Unarmed           |    28 |       |       |       ||    28
       Dagger            |    11 |    18 |       |       ||    29
       Short sword       |       |    32 |   457 |    88 ||   577
Throw: Tomahawk          |       |     2 |     1 |     4 ||     7
 Cast: Freeze            |    37 |    48 |   131 |    85 ||   301
       Ozocubu's Armour  |     1 |     3 |    21 |     9 ||    34
       Throw Frost       |       |     2 |    17 |     5 ||    24
  Use: Scroll            |       |     4 |    16 |     2 ||    22
       Potion            |       |     1 |     3 |     4 ||     8
 Stab: Sleeping          |     5 |     9 |     1 |       ||    15
  Eat: Chunk             |     2 |     6 |    21 |     4 ||    33
       Ration            |       |     2 |     1 |       ||     3
Armor: Robe              |    17 |     6 |   131 |    22 ||   176
       Chain mail        |       |       |    42 |       ||    42
Dodge: Dodged            |    46 |    55 |   525 |   113 ||   739

Table legend:
 A = Non-vault XP
 B = Vault XP
 C = Vault XP percentage of total XP
 D = Non-vault monster count
 E = Vault monster count
 F = Vault count percentage of total count
 G = Total turns spent on level
                 A         B        C        D         E       F
            +---------+---------+-------+---------+---------+-------
      Total |    4920 |    1863 |  27.5 |     176 |      18 |   9.3
            +---------+---------+-------+---------+---------+-------
        D:1 |      56 |       0 |   0.0 |      25 |       0 |   0.0
        D:2 |      74 |       0 |   0.0 |      17 |       0 |   0.0
        D:3 |     127 |       0 |   0.0 |      17 |       0 |   0.0
        D:4 |    1095 |       0 |   0.0 |      21 |       0 |   0.0
        D:5 |     531 |       0 |   0.0 |      24 |       0 |   0.0
        D:6 |     315 |       0 |   0.0 |       9 |       0 |   0.0
        D:7 |     913 |    1026 |  52.9 |      21 |      12 |  36.4
        D:8 |    1809 |     837 |  31.6 |      42 |       6 |  12.5
            +---------+---------+-------+---------+---------+-------
